 Dungeon Crawl Stone Soup version 0.29-a0-375-g5102b3be25 (webtiles) character file.

Game seed: 7918526190020404518

6 domi the Magician (level 1, -2/13 HPs)
             Began as a Demonspawn Hedge Wizard on May 3, 2022.
             Slain by a jackal (3 damage)
             ... on level 1 of the Dungeon.
             The game lasted 00:00:45 (491 turns).

domi the Magician (Demonspawn Hedge Wizard)          Turns: 491, Time: 00:00:45

Health: -2/13      AC:  2    Str: 10    XL:     1   Next: 75%
Magic:  1/4        EV: 12    Int: 15    God:
Gold:   10         SH:  0    Dex: 12    Spells: 5/6 levels left

rFire   . . .      SeeInvis .   a - +0 dagger
rCold   . . .      Faith    .   (no shield)
rNeg    . . .      Spirit   .   b - +0 robe
rPois   .          Reflect  .   c - +0 hat
rElec   .          Harm     .   (no cloak)
rCorr   .          Rampage  .   (no gloves)
Will    .....                   (no boots)
Stlth   ++........              (no amulet)
HPRegen 0.04/turn               (no ring)
MPRegen 0.09/turn               (no ring)

@: no status effects
A: no striking features
a: no special abilities


You were on level 1 of the Dungeon.
You visited 1 branch of the dungeon, and saw 1 of its levels.

You collected 10 gold pieces.

Inventory:

Hand Weapons
 a - a +0 dagger (weapon)
Armour
 b - a +0 robe (worn)
 c - a +0 hat (worn)
Scrolls
 e - a scroll of vulnerability {unknown}
 g - a scroll of identify {unknown}
Potions
 d - a potion of magic
 f - a potion of heal wounds {unknown}


   Skills:
 - Level 1.7 Dodging
 - Level 1.7 Stealth
 - Level 3.0 Spellcasting
 + Level 1.9 Conjurations
 - Level 1.0 Summonings
 - Level 0.8 Translocations


You had 5 spell levels left.
You knew the following spells:

 Your Spells              Type           Power      Damage    Failure   Level
z - Magic Dart            Conj           28%        1d4       10%         1

Your spell library contained the following spells:

 Spells                   Type           Power      Damage    Failure   Level
 Slow                     Hex            8%         N/A       21%         1
 Call Imp                 Summ           5%         N/A       21%         2
 Blink                    Tloc           8%         N/A       22%         2
 Conjure Flame            Conj/Fire      5%         6-21      38%         3
 Mephitic Cloud           Conj/Pois/Air  4%         N/A       43%         3


Dungeon Overview and Level Annotations

Branches:
Dungeon (1/15)

Altars:


Message History

A kobold is nearby!
Aim: a kobold, wielding a +0 club and quivering stones (100% to hit)
The magic dart hits the kobold but does no damage.
The kobold throws a stone.
The stone closely misses you.
You now have 0/4 mp.
You don't have enough magic to cast this spell.
You don't have enough magic to cast this spell.
Your magical contamination has completely faded away.
You enter the shallow water.
Moving in this stuff is going to be slow.
You see here a quokka skeleton.
The kobold throws a stone.
The stone misses you.
There is a staircase leading out of the dungeon here.
You enter the shallow water.
Moving in this stuff is going to be slow.
Aim: a kobold, wielding a +0 club and quivering stones (100% to hit)
The magic dart hits the kobold.
You now have 2/4 mp.
Aim: a kobold, wielding a +0 club and quivering stones (heavily wounded, 100% to hit)
The magic dart hits the kobold.
You now have 1/4 mp.
Aim: a kobold, wielding a +0 club and quivering stones (severely wounded, 100% to hit)
The magic dart hits the kobold.
You kill the kobold!
You now have 0/4 mp.
You don't have enough magic to cast this spell.
You don't have enough magic to cast this spell.
You don't have enough magic to cast this spell.
You enter the shallow water.
Moving in this stuff is going to be slow.
Things that are here:
a +0 club; 5 stones; a kobold corpse; MP restored: 4
There is a fountain of clear blue water here.
You enter the shallow water.
Moving in this stuff is going to be slow.
You enter the shallow water.
Moving in this stuff is going to be slow.
You enter the shallow water.
Moving in this stuff is going to be slow.
g - a scroll labelled SACLOTTU SOIDIT A jackal comes into view.
A jackal is nearby!
A jackal is nearby!
A jackal is nearby!
A jackal is nearby!
You can't see any susceptible monsters within range! (Use Z to cast anyway.) Unknown command. 2 jackals come into view.
The jackal barks! x2
The jackal moves out of view.
You closely miss the jackal. The jackal bites you.
You take 2 damage, and have 11/13 hp.
You barely miss the jackal.
The jackal barks!
Your punch misses the jackal. The jackal bites you.
You take 2 damage, and have 9/13 hp.
The jackal closely misses you.
Aim: a jackal (100% to hit)
The magic dart hits the jackal.
You hear a splashing noise.
The jackal closely misses you.
You now have 3/4 mp.
Aim: a jackal (severely wounded, 100% to hit)
The magic dart hits the jackal.
The jackal closely misses you. The jackal barely misses you.
You now have 2/4 mp.
Aim: a jackal (almost dead, 100% to hit)
The magic dart hits the jackal but does no damage.
The jackal bites you.
You take 1 damage, and have 8/13 hp.
You now have 1/4 mp.
Aim: a jackal (almost dead, 100% to hit)
The magic dart hits the jackal.
You kill the jackal!
You now have 0/4 mp.
You don't have enough magic to cast this spell.
You don't have enough magic to cast this spell.
You start resting.
A jackal is nearby!
You don't have enough magic to cast this spell.
A jackal is nearby!
The jackal barely misses you.
You closely miss the jackal. The jackal barely misses you.
You closely miss the jackal. The jackal bites you.
The jackal barely misses you.
You take 3 damage, and have 5/13 hp.
MASSIVE DAMAGE!!
The jackal bites you but does no damage.
The jackal bites you.
* * * LOW HITPOINT WARNING * * *
The jackal misses you.
You take 3 damage, and have 2/13 hp.
MASSIVE DAMAGE!!
The jackal bites you but does no damage.
The jackal attacks as you move away!
The jackal bites you but does no damage.
The jackal attacks as you move away! The jackal closely misses you.
The jackal bites you.
* * * LOW HITPOINT WARNING * * *
The jackal bites you.
You die... ♣♣♣P.$## ... ♣≈≈P...# ###... hh≈P≈.##h##........
PPPP.

#....##....# #..# ###...#....#
#. #...#.#.... . #..........
#hh....#### ####@.....#######
#..................
#.#####......#### .#
#####.....####
...#######..##.....#
.#......###...........
......≈≈≈......≈.≈P.≈.(.#
##..≈..≈.≈≈≈P.≈≈.≈P.P≈≈≈≈≈≈≈≈
..#..≈≈≈≈≈≈≈≈≈≈≈≈≈≈≈≈P≈≈≈≈≈≈≈≈≈


You could see 2 jackals.

Vanquished Creatures
  A goblin (D:1)
  A jackal (D:1)
  A kobold (D:1)
  A quokka (D:1)
  A rat (D:1)
5 creatures vanquished.

Vanquished Creatures (others)
  3 plants (D:1)
  9 toadstools (D:1)
12 creatures vanquished.

Grand Total: 17 creatures vanquished

Notes
Turn   | Place    | Note
-------+----------+-------------------------------------------
     0 | D:1      | domi the Demonspawn Hedge Wizard began the quest for the
                  | Orb.
     0 | D:1      | Reached XP level 1. HP: 13/13 MP: 4/4
   489 | D:1      | HP: 2/13 [jackal (3)]
   491 | D:1      | Slain by a jackal

Illustrated notes

Levels and vault maps discovered:
D:1:      ldierk_water_garden, layout_rooms, chequers_serial_rivers_room_b,
          kennysheep_decorative_pillar, minmay_gold_behind_fungi,
          dreamdust_mushroom_princess, serial_bayou_pond_c, chequers_big_river

Action                   || total
-------------------------++-------
Melee: Dagger            ||     9
 Cast: Magic Dart        ||    14
Armor: Robe              ||     3
Dodge: Dodged            ||    11

Table legend: (Time is in decaauts)
 A = Elapsed time spent in this place.
 B = Non-inter-level travel time spent in this place.
 C = Inter-level travel time spent in this place.
 D = Time resting spent in this place.
 E = Time spent auto-exploring this place.
 F = Levels seen in this place.
 G = Mean time per level.
                   A        B        C        D        E       F      G
               +--------+--------+--------+--------+--------+-----+--------+
         Total |    496 |    496 |      0 |    190 |    231 |   1 |  496.0 |
       Dungeon |    496 |    496 |      0 |    190 |    231 |   1 |  496.0 |
               +--------+--------+--------+--------+--------+-----+--------+

Top non-repeatable levels by time:
     D:1: 496 daAuts

Table legend:
 A = Kills in this place as a percentage of kills in entire the game.
 B = Kills by you in this place as a percentage of kills by you in the entire game.
 C = Kills by friends in this place as a percentage of kills by friends in the entire game.
 D = Other kills in this place as a percentage of other kills in the entire game.
 E = Experience gained in this place as a percentage of experience gained in the entire game.
 F = Experience gained in this place divided by the number of levels of this place that you have seen.
                   A       B       C       D       E      F
               +-------+-------+-------+-------+-------+----------------------
         Total | 100.0 | 100.0 |   N/A |   N/A | 100.0 |   9.0
       Dungeon | 100.0 | 100.0 |   N/A |   N/A | 100.0 |   9.0
               +-------+-------+-------+-------+-------+----------------------
